Map: Eternal Empire LE

Players

Neeb - Winner!

  • Race: Protoss Protoss
  • Spawn Location: 1:00

ArT

  • Race: Protoss Protoss
  • Spawn Location: 7:00

Event: IEM Katowice 2020

VOD

Have the link to the VOD?

Description

Time

  • Played on: Feb. 24, 2020, 9:20 a.m.
  • Length: 8:48

All games in this series

Show
View Real Time Build Order
Export as new Build Order

Neeb Protoss - Winner!

Build Orders: Archon Immortal 

Get SALT Encoding   

  12  0:00  Probe  
  13  0:12  Probe  
  14  0:17  Pylon  
  14  0:25  Probe (Chrono Boost)  
  15  0:37  Probe (Chrono Boost), Gateway  
  16  0:43  Assimilator  
  16  0:45  Probe (Chrono Boost)  
  17  0:54  Probe (Chrono Boost)  
  17  0:56  Assimilator  
  18  1:06  Probe (Chrono Boost)  
  18  1:08  Gateway  
  19  1:15  Probe (Chrono Boost)  
  20  1:20  Probe  
  20  1:25  Cybernetics Core  
  21  1:32  Probe  
  21  1:35  Pylon  
  22  1:45  Probe  
  23  1:57  Probe  
  24  2:04  Adept x2  
  24  2:05  Warp Gate  
  28  2:09  Probe  
  29  2:16  Pylon  
  29  2:34  Stalker  
  29  2:35  Sentry  
  33  2:44  Nexus  
  33  2:53  Robotics Facility  
  33  2:56  Probe (Chrono Boost)  
  34  3:08  Probe (Chrono Boost)  
  34  3:12  Pylon  
  35  3:13  Probe (Chrono Boost)  
  36  3:23  Probe (Chrono Boost)  
  36  3:26  Shield Battery  
  38  3:35  Probe (Chrono Boost)  
  38  3:41  Probe (Chrono Boost)  
  38  3:42  Warp Prism  
  41  3:49  Probe  
  41  3:53  Sentry  
  41  3:54  Stalker  
  46  3:56  Probe  
  48  4:03  Probe (Chrono Boost)  
  48  4:09  Probe (Chrono Boost)  
  50  4:18  Probe x2 (Chrono Boost)  
  50  4:20  Forge  
  50  4:22  Pylon  
  52  4:25  Probe  
  52  4:26  Immortal (Chrono Boost)  
  56  4:32  Probe  
  56  4:37  Assimilator  
  57  4:39  Probe  
  57  4:41  Assimilator  
  57  4:43  Pylon  
  58  4:46  Probe  
  58  4:51  Probe  
  60  4:59  Probe  
  61  5:00  Protoss Ground Weapons Level 1, Immortal  
  61  5:07  Probe  
  66  5:14  Twilight Council  
  66  5:16  Pylon  
  66  5:17  Sentry  
  66  5:18  Zealot  
  70  5:28  Probe  
  71  5:37  Gateway  
  71  5:39  Immortal  
  71  5:41  Gateway  
  75  5:46  Pylon  
  75  5:47  Charge (Chrono Boost)  
  75  5:52  Templar Archives  
  75  5:54  Phoenix  
  75  5:56  Pylon  
  75  6:08  Gateway x2  
  75  6:11  Gateway  
  73  6:27  Zealot x2  
  75  6:40  Immortal  
  79  6:48  High Templar  
  79  6:49  High Templar x3, Nexus  
  79  6:50  Pylon  
  79  6:52  Gateway  
  79  6:54  Archon x2  
  89  7:04  Zealot x2  
  89  7:06  Zealot  
  93  7:14  Pylon  
  93  7:22  Observer  
  94  7:29  High Templar x2, Zealot x5  
  108  7:33  Archon  
  108  7:41  Pylon  
  108  7:42  Pylon  
  108  7:49  Zealot  
  108  7:50  High Templar x2, Zealot  
  108  7:51  Zealot  
  118  7:54  Zealot  
  118  7:55  Archon  
  117  8:00  Probe  
  117  8:03  Zealot  
  117  8:04  Zealot  
  106  8:10  Zealot x2  
  106  8:11  Zealot  
  98  8:15  Zealot  
  88  8:25  Zealot x3  
  86  8:46  Zealot x5  
Show
View Real Time Build Order
Export as new Build Order

ArT Protoss 

Build Orders: Phoenix Opening, Archon Immortal 

Get SALT Encoding   

  12  0:00  Probe  
  13  0:13  Probe  
  14  0:17  Pylon  
  14  0:25  Probe (Chrono Boost)  
  15  0:37  Probe (Chrono Boost)  
  15  0:38  Gateway  
  16  0:45  Probe (Chrono Boost)  
  16  0:47  Assimilator  
  17  0:51  Probe  
  17  0:56  Assimilator  
  18  1:03  Probe  
  19  1:09  Gateway  
  19  1:15  Probe  
  20  1:25  Cybernetics Core  
  20  1:27  Probe  
  21  1:35  Pylon  
  21  1:39  Probe  
  22  1:51  Probe  
  23  2:01  Sentry, Stalker  
  23  2:02  Warp Gate  
  23  2:04  Probe  
  28  2:10  Pylon  
  28  2:16  Probe  
  29  2:28  Probe  
  29  2:29  Sentry  
  32  2:36  Phoenix, Stalker  
  33  2:40  Probe  
  34  2:57  Nexus  
  34  3:06  Shield Battery  
  34  3:09  Probe  
  35  3:15  Pylon  
  35  3:21  Probe (Chrono Boost)  
  36  3:30  Robotics Facility  
  36  3:33  Probe (Chrono Boost), Shield Battery  
  37  3:38  Probe (Chrono Boost)  
  38  3:41  Phoenix  
  38  3:46  Forge  
  38  3:48  Probe (Chrono Boost)  
  39  3:50  Sentry, Stalker  
  43  3:57  Probe (Chrono Boost)  
  44  4:03  Probe (Chrono Boost)  
  44  4:09  Probe (Chrono Boost)  
  46  4:13  Stalker  
  49  4:17  Probe (Chrono Boost)  
  49  4:18  Protoss Ground Weapons Level 1 (Chrono Boost)  
  49  4:20  Probe (Chrono Boost), Observer (Chrono Boost)  
  49  4:22  Probe (Chrono Boost), Phoenix  
  52  4:30  Probe  
  53  4:33  Probe  
  53  4:37  Pylon, Warp Prism (Chrono Boost)  
  56  4:43  Probe  
  57  4:47  Twilight Council  
  57  4:48  Probe, Assimilator  
  57  4:52  Assimilator  
  58  4:55  Probe  
  58  5:00  Probe  
  59  5:07  Probe  
  59  5:11  Immortal  
  59  5:12  Probe, Pylon  
  65  5:20  Probe  
  66  5:26  Probe, Charge  
  66  5:27  Templar Archives  
  66  5:32  Adept x2  
  66  5:35  Pylon  
  70  5:43  Gateway  
  70  5:46  Gateway  
  70  5:49  Gateway  
  70  5:59  Adept x2  
  74  6:05  Gateway  
  74  6:16  Protoss Ground Weapons Level 2 (Chrono Boost)  
  74  6:21  Nexus  
  74  6:23  Pylon  
  74  6:30  Observer  
  74  6:36  Immortal (Chrono Boost)  
  74  6:47  High Templar x2  
  74  6:48  Zealot x3  
  74  6:53  Archon  
  84  6:57  Pylon  
  84  7:01  Zealot  
  84  7:06  Immortal (Chrono Boost)  
  90  7:12  High Templar  
  90  7:13  High Templar  
  94  7:16  Pylon  
  94  7:19  Archon  
  94  7:25  Pylon  
  94  7:26  Zealot x3  
  94  7:27  Zealot  
  102  7:40  Shield Battery  
  102  7:46  Probe x2, High Templar  
  102  7:47  High Templar, Zealot x4  
  102  7:51  Archon, Shield Battery  
  90  8:18  Immortal (Chrono Boost)  
  84  8:23  Zealot x3  
  84  8:24  Archon x2, Zealot x2  
  74  8:35  Zealot  

Tags
 
Add a new tag
Caveats
  • Supply blocks, unpowered buildings, or Contaminate may cause inaccurate times.
  • Supply counts are checked every 10 seconds.